Map: Dash and Terminal LE (Void)

Players

EZWarlordz

  • Race: Protoss Protoss
  • League: Master

Hayek - Winner!

  • Race: Zerg Zerg
  • League: Platinum

Event: Lycan League Weekly August #3

VOD

Have the link to the VOD?

Description

Time

  • Played on: Aug. 17, 2015, 10:40 a.m.
  • Length: 10:57
Show
View Real Time Build Order
Export as new Build Order

EZWarlordz Protoss 

Build Orders: Oracle Opening 

Get SALT Encoding   

  12  0:01  Probe  
  13  0:16  Pylon  
  13  0:20  Probe  
  14  0:34  Probe  
  15  0:40  Gateway  
  15  0:46  Probe  
  15  0:48  Assimilator  
  16  0:54  Assimilator  
  16  1:07  Gateway  
  16  1:09  Probe  
  17  1:21  Probe (Chrono Boost)  
  18  1:30  Probe (Chrono Boost)  
  19  1:34  Cybernetics Core  
  19  1:40  Pylon  
  19  1:51  Probe  
  20  2:03  Probe  
  21  2:11  Adept x2 (Chrono Boost)  
  25  2:16  Probe  
  26  2:23  Stargate  
  26  2:35  Adept x2  
  30  2:49  Pylon  
  30  2:50  Warp Gate  
  30  3:07  Probe  
  31  3:16  Oracle (Chrono Boost)  
  34  3:24  Nexus  
  34  3:32  Probe  
  35  3:42  Pylon  
  35  3:44  Probe  
  30  3:56  Mothership Core, Adept (Chrono Boost)  
  30  4:02  Pylon  
  32  4:07  Adept (Chrono Boost)  
  31  4:38  Probe  
  31  4:41  Gateway  
  31  4:42  Gateway  
  31  4:44  Pylon  
  31  4:45  Oracle (Chrono Boost)  
  34  4:50  Probe  
  35  5:07  Adept  
  37  5:34  Nexus  
  37  5:35  Pylon  
  37  5:37  Adept  
  37  5:38  Adept  
  38  5:58  Stalker x4  
  42  6:09  Void Ray (Chrono Boost)  
  46  6:21  Nexus  
  46  6:37  Pylon  
  46  6:53  Nexus  
  46  6:55  Void Ray (Chrono Boost)  
  50  7:15  Pylon  
  50  7:23  Probe (Chrono Boost)  
  51  7:33  Probe (Chrono Boost), Void Ray (Chrono Boost)  
  51  7:34  Pylon  
  56  7:40  Probe  
  57  7:44  Adept x2  
  57  7:48  Forge  
  61  8:09  Pylon  
  61  8:15  Stalker x2  
  61  8:17  Sentry  
  67  8:32  Oracle (Chrono Boost)  
  70  8:49  Stargate  
  70  8:58  Adept x3  
  70  8:59  Adept  
  70  9:02  Assimilator  
  78  9:03  Assimilator  
  78  9:10  Oracle (Chrono Boost)  
  77  9:26  Zealot x4  
  77  9:30  Probe  
  86  9:51  Probe x2  
  84  10:00  Oracle x2 (Chrono Boost)  
  90  10:09  Probe x2  
  92  10:18  Pylon x2  
  92  10:22  Pylon  
  92  10:29  Pylon  
  92  10:36  Probe  
  92  10:40  Sentry  
  92  10:41  Sentry  
Show
View Real Time Build Order
Export as new Build Order

Hayek Zerg - Winner!

Build Orders: Hatch First 

Get SALT Encoding   

  12  0:01  Drone  
  13  0:09  Drone  
  14  0:17  Overlord  
  14  0:37  Drone x3  
  17  0:57  Hatchery  
  17  0:58  Drone  
  17  1:01  Drone  
  18  1:13  Spawning Pool  
  18  1:16  Drone  
  18  1:20  Extractor  
  18  1:23  Drone  
  18  1:34  Drone  
  19  1:42  Overlord  
  19  2:00  Queen  
  21  2:02  Zergling x2  
  21  2:06  Drone  
  23  2:09  Queen  
  23  2:14  Drone x2  
  27  2:23  Metabolic Boost  
  27  2:27  Zergling x4  
  29  2:32  Drone  
  30  2:39  Zergling x2  
  30  2:42  Overlord  
  31  2:50  Zergling x2  
  32  2:54  Overlord  
  32  3:00  Zergling x2  
  32  3:05  Zergling x2  
  33  3:12  Zergling x2  
  32  3:18  Zergling x6  
  32  3:19  Zergling x12  
  40  3:27  Drone  
  40  3:29  Drone  
  42  3:34  Overlord  
  42  3:41  Drone  
  43  3:45  Drone  
  43  3:46  Roach Warren  
  40  3:56  Drone x4  
  40  3:57  Drone x3  
  40  4:16  Drone x3  
  40  4:17  Drone  
  44  4:21  Spore Crawler  
  43  4:24  Spore Crawler  
  43  4:29  Drone x2  
  43  4:30  Drone  
  42  4:41  Roach x3  
  48  4:52  Roach x3  
  54  5:04  Overlord x2  
  54  5:09  Roach x2  
  54  5:13  Overlord  
  58  5:19  Overlord  
  58  5:23  Roach  
  58  5:24  Roach x2  
  62  5:42  Drone, Zergling x6  
  66  5:43  Drone x5  
  68  5:52  Lair  
  64  6:00  Drone x4  
  64  6:01  Drone x2  
  67  6:08  Drone x2  
  69  6:13  Extractor  
  69  6:14  Zergling x4, Extractor  
  69  6:15  Zergling x6  
  72  6:22  Extractor  
  69  6:33  Drone  
  69  6:34  Drone x6  
  75  6:46  Drone x4  
  75  6:47  Drone x2  
  81  6:53  Overlord, Hydralisk Den  
  80  7:06  Overlord  
  79  7:08  Overlord  
  79  7:09  Overlord  
  79  7:25  Hydralisk x3, Muscular Augments  
  79  7:26  Hydralisk x5  
  95  7:34  Zergling x4  
  97  7:42  Hydralisk  
  99  7:44  Overlord  
  99  7:47  Hatchery  
  99  7:50  Overlord  
  98  7:53  Overlord  
  98  7:54  Overlord  
  98  8:07  Hydralisk x2  
  98  8:08  Hydralisk x3  
  108  8:17  Hydralisk x2  
  108  8:18  Hydralisk  
  114  8:20  Zergling x2  
  114  8:24  Hydralisk  
  117  8:32  Hydralisk x2  
  117  8:33  Hydralisk  
  123  8:46  Zergling x4  
  123  8:47  Zergling x6  
  128  8:54  Spore Crawler  
  127  8:56  Zergling x10  
  124  9:20  Drone x2  
  124  9:22  Hydralisk  
  124  9:23  Hydralisk x2  
  132  9:24  Queen  
  132  9:27  Hydralisk  
  136  9:37  Overlord x2  
  136  9:44  Spore Crawler  
  135  9:46  Overlord x2  
  135  9:58  Hydralisk  
  134  10:03  Hydralisk x6  
  134  10:04  Hydralisk x3  
  152  10:11  Zergling x8  
  156  10:20  Zergling x6  
  159  10:21  Spore Crawler  
  159  10:22  Zergling x2  
  159  10:29  Hydralisk x2  
  159  10:34  Zergling x2  
  164  10:36  Overseer x3  

Tags
 
Add a new tag
Caveats
  • Supply blocks, unpowered buildings, or Contaminate may cause inaccurate times.
  • Supply counts are checked every 10 seconds.